 Dungeon Sprint DCSS version 0.27.1-33-g824d729ab1 (webtiles) character file.

Game seed: 15773066010575031781

25 Hipnos the Grasshopper (level 3, 0/32 HPs)
             Began as a Gnoll Wanderer on Nov 29, 2021.
             Slain by an ogre (13 damage)
             ... in the Dungeon (Sprint I: "Red Sonja").
             The game lasted 00:01:55 (384 turns).

Hipnos the Grasshopper (Gnoll Wanderer)              Turns: 384, Time: 00:01:55

Health: 0/32       AC:  2    Str:  8    XL:     3   Next: 4%
Magic:  1/7        EV: 12    Int: 15    God:
Gold:   0          SH:  0    Dex: 11    Spells: 5/8 levels left

rFire    . . .     SeeInvis .   a - +0 dagger
rCold    . . .     Faith    .   (no shield)
rNeg     . . .     Spirit   .   b - +0 robe
rPois    .         Reflect  .   (no helmet)
rElec    .         Harm     .   (no cloak)
rCorr    .         Rampage  .   (no gloves)
Will     .....     NoTele   +   (no boots)
Stlth    ++........             (no amulet)
HPRegen  0.10/turn              (no ring)
MPRegen  0.10/turn              (no ring)

@: hasted, very quick
A: fangs 1, strong nose, distributed training
a: no special abilities


You were in the Dungeon.
You visited 1 branch

Inventory:

Hand Weapons
 a - a +0 dagger (weapon)
Armour
 b - a +0 robe (worn)
Scrolls
 h - a scroll of blinking
Potions
 c - 3 potions of curing
 d - a potion of heal wounds
 f - 2 potions of magic


   Skills:
 + Level 4.9 Fighting
 + Level 1.7 Short Blades
 + Level 1.7 Long Blades
 + Level 1.7 Axes
 + Level 1.7 Maces & Flails
 + Level 1.7 Polearms
 + Level 1.7 Staves
 + Level 1.7 Slings
 + Level 1.7 Bows
 + Level 1.7 Crossbows
 + Level 1.7 Throwing
 + Level 1.7 Armour
 + Level 1.7 Dodging
 + Level 4.5 Stealth
 + Level 1.7 Shields
 + Level 1.7 Unarmed Combat
 + Level 3.3 Spellcasting
 + Level 1.3 Conjurations
 + Level 1.3 Hexes
 + Level 1.3 Summonings
 + Level 1.3 Necromancy
 + Level 5.6 Translocations
 + Level 1.3 Transmutations
 + Level 1.3 Fire Magic
 + Level 1.3 Ice Magic
 + Level 1.3 Air Magic
 + Level 2.5 Earth Magic
 + Level 1.3 Poison Magic
 + Level 2.0 Invocations
 + Level 3.1 Evocations


You had 5 spell levels left.
You knew the following spells:

 Your Spells              Type           Power      Damage    Failure   Level
a - Shock                 Conj/Air       24%        1d4       11%         1
b - Blink                 Tloc           N/A        N/A       3%          2

Your spell library contained the following spells:

 Spells                   Type           Power      Damage    Failure   Level
 Gell's Gravitas          Tloc           9%         N/A       6%          3
 Lesser Beckoning         Tloc           9%         N/A       6%          3
 Teleport Other           Tloc           19%        N/A       6%          3
 Swiftness                Air            6%         N/A       32%         3
 Manifold Assault         Tloc           19%        N/A       47%         5


Dungeon Overview and Level Annotations

Branches:
Dungeon (1/1)

Altars:


Innate Abilities, Weirdness & Mutations

You have very sharp teeth.
Your uncanny sense of smell can sniff out nearby items.
Your experience applies equally to all skills.


Message History

Okay, then.
You feel yourself speed up.
You recover from your berserk rage.
You start resting.
HP restored.
You start waiting.
Done waiting.
You start waiting.
Done waiting.
There is an open door here.
You open the door.
An ogre comes into view. It is wielding a +0 giant club.
The zap hits the ogre.
The ogre is lightly wounded.
The ogre shouts!
The zap hits the ogre.
The ogre is lightly wounded.
The zap hits the ogre.
The ogre is lightly wounded.
The zap hits the ogre.
The ogre is lightly wounded.
The zap hits the ogre.
The ogre is moderately wounded.
There is an open door here.
Okay, then.
Casting: Shock (safe; 11% risk of failure)
Confirm with . or Enter, or press ? or * to list all spells.
You blink.
The zap hits the ogre.
The ogre is moderately wounded.
Casting: Shock (safe; 11% risk of failure)
Confirm with . or Enter, or press ? or * to list all spells.
You don't have enough magic to cast this spell.
You feel yourself speed up.
The ogre hits you with a +0 giant club!!
Ouch! That really hurt!
You hit the ogre.
The ogre is heavily wounded.
The ogre hits you with a +0 giant club!
You die...

##########
#<.#..'..#
#..'..#..+
#@O#### +#
#..# ∆∆
∆∆∆ #..#
∆∆ #..#
#⌠⌠# ####
∆∆


You could see an ogre.

Vanquished Creatures
  Ijyb (D)
1 creature vanquished.

Vanquished Creatures (others)
  A gargoyle (D)
1 creature vanquished.

Grand Total: 2 creatures vanquished

Notes
Turn   | Place    | Note
-------+----------+-------------------------------------------
     0 | D        | Hipnos the Gnoll Wanderer began the quest for the Orb.
     0 | D        | Hipnos set off with the following items: a +0 dagger, a +0
                  | robe, 2 potions of curing, a potion of heal wounds, a
                  | potion of haste, 2 potions of magic, a potion of berserk
                  | rage, a scroll of blinking; and the following spell
                  | memorised: Shock; and the following spells available to
                  | memorise: Blink, Gell's Gravitas, Lesser Beckoning,
                  | Teleport Other, Swiftness, Manifold Assault
     0 | D        | Reached XP level 1. HP: 20/20 MP: 4/4
    13 | D        | Noticed Ijyb
    28 | D        | Killed Ijyb
    29 | D        | Reached skill level 1 in Short Blades
    29 | D        | Reached skill level 1 in Long Blades
    29 | D        | Reached skill level 1 in Axes
    29 | D        | Reached skill level 1 in Maces & Flails
    29 | D        | Reached skill level 1 in Polearms
    29 | D        | Reached skill level 1 in Staves
    29 | D        | Reached skill level 1 in Slings
    29 | D        | Reached skill level 1 in Bows
    29 | D        | Reached skill level 1 in Crossbows
    29 | D        | Reached skill level 1 in Throwing
    29 | D        | Reached skill level 1 in Armour
    29 | D        | Reached skill level 1 in Dodging
    29 | D        | Reached skill level 1 in Shields
    29 | D        | Reached skill level 1 in Unarmed Combat
    29 | D        | Reached skill level 1 in Conjurations
    29 | D        | Reached skill level 1 in Hexes
    29 | D        | Reached skill level 1 in Summonings
    29 | D        | Reached skill level 1 in Necromancy
    29 | D        | Reached skill level 1 in Transmutations
    29 | D        | Reached skill level 1 in Fire Magic
    29 | D        | Reached skill level 1 in Ice Magic
    29 | D        | Reached skill level 1 in Air Magic
    29 | D        | Reached skill level 1 in Poison Magic
    29 | D        | Reached XP level 2. HP: 20/26 MP: 0/6
    29 | D        | Reached XP level 3. HP: 25/32 MP: 0/7
    41 | D        | Learned a level 2 spell: Blink
   318 | D        | Killed a gargoyle
   375 | D        | Noticed an ogre
   384 | D        | Slain by an ogre

Illustrated notes

Levels and vault maps discovered:
D:        dungeon_sprint_1 [red_sonja_temple_1, red_sonja_temple_small_1]

Skill      XL: |  1 |
---------------+----+-----
Short Blades   | 1 |  1.7
Long Blades    | 1 |  1.7
Axes           | 1 |  1.7
Maces & Flails | 1 |  1.7
Polearms       | 1 |  1.7
Staves         | 1 |  1.7
Slings         | 1 |  1.7
Bows           | 1 |  1.7
Crossbows      | 1 |  1.7
Throwing       | 1 |  1.7
Armour         | 1 |  1.7
Dodging        | 1 |  1.7
Shields        | 1 |  1.7
Unarmed Combat | 1 |  1.7
Spellcasting   | 3 |  3.3
Conjurations   | 1 |  1.3
Hexes          | 1 |  1.3
Summonings     | 1 |  1.3
Necromancy     | 1 |  1.3
Transmutations | 1 |  1.3
Fire Magic     | 1 |  1.3
Ice Magic      | 1 |  1.3
Air Magic      | 1 |  1.3
Earth Magic    | 2 |  2.5
Poison Magic   | 1 |  1.3
Invocations    | 2 |  2.0
Evocations     | 3 |  3.1
Fighting       | |  4.9
Stealth        | |  4.5
Translocations | |  5.6

Action                   || total
-------------------------++-------
Melee: Dagger            ||    10
 Cast: Shock             ||     7
       Blink             ||     1
  Use: Potion            ||     2
Armor: Robe              ||     1
Dodge: Dodged            ||     4
